 Dungeon Crawl Stone Soup version 0.26-a0-61-g6c07f0ee8d (webtiles) character file.

Game seed: 16159232477142467927

26936 Apogee the Grappler (level 13, -13/126 (127) HPs)
             Began as a Troll Transmuter on June 9, 2020.
             Was a High Priest of Wu Jian.
             Mangled by a red ugly thing (22 damage)
             ... on level 15 of the Dungeon.
             The game lasted 00:35:15 (10781 turns).

Apogee the Grappler (Troll Transmuter)             Turns: 10781, Time: 00:35:17

HP:   -13/126 (127) AC: 10    Str: 30    XL:     13   Next: 1%
MP:   15/20         EV: 10    Int: 14    God:    Wu Jian [*****.]
Gold: 530           SH:  5    Dex: 10    Spells: 17/23 levels left

rFire    . . .     SeeInvis .     - Unarmed
rCold    . . .     Gourm    +   (shield currently unavailable)
rNeg     . . .     Faith    .   q - +0 steam dragon scales
rPois    +         Spirit   .   (helmet restricted)
rElec    .         Reflect  +   w - +0 cloak
rCorr    .         Harm     .   (gloves unavailable)
MR       .....                  (boots unavailable)
Stlth    +.........             Q - amulet of reflection
HPRegen  0.71/turn              l - +6 ring of strength
MPRegen  0.17/turn              A - ring of poison resistance

@: blade hands, very slightly contaminated
A: large, unfitting armour, claws 3, clever 2, fast metabolism 3, gourmand,
regeneration 1, shaggy fur 1, tough skin 3
a: End Transformation, Wall Jump, Serpent's Lash, Heavenly Storm, Renounce
Religion


You were on level 15 of the Dungeon.
You worshipped Wu Jian.
Wu Jian was extremely pleased with you.
You were very full.
You had blades for hands.
You visited 3 branches of the dungeon, and saw 16 of its levels.

You collected 530 gold pieces.

Inventory:

Hand Weapons
 x - a +0 whip of electrocution
 G - a +3 flail of freezing
 P - a +2 great sword of holy wrath
Missiles
 a - 176 arrows
Armour
 b - a +0 robe
 p - a +0 robe
 q - +0 steam dragon scales (worn)
 t - a scarf of invisibility
 w - a +0 cloak (worn)
Jewellery
 l - a +6 ring of strength (left scythe-like blade)
 r - an uncursed ring of fire
 s - an uncursed amulet of the acrobat
 A - a ring of poison resistance (right scythe-like blade)
 C - an uncursed ring of wizardry {unknown}
 F - a +6 ring of intelligence {unknown}
 H - a cursed ring of teleportation {unknown}
 L - an uncursed ring of protection from magic {unknown}
 N - a +4 ring of evasion {unknown}
 Q - an amulet of reflection (around neck)
Wands
 k - a wand of flame (47)
 v - a wand of acid (13)
 y - a wand of iceblast (13)
 z - a wand of polymorph (17)
 O - a wand of clouds (4)
Scrolls
 c - 12 scrolls of identify
 g - 6 scrolls of remove curse
 m - 2 scrolls of enchant weapon
 n - 4 scrolls of teleportation {unknown}
 o - 2 scrolls of immolation {unknown}
 D - 2 scrolls of fog
 J - a scroll of amnesia
Potions
 e - a potion of brilliance
 f - 3 potions of curing
 h - a potion of stabbing
 j - a potion of haste
 u - 2 potions of flight {unknown}
 B - 3 potions of magic {unknown}
 E - a potion of cancellation {unknown}
 K - a potion of heal wounds
 M - a potion of might {unknown}
 R - a potion of lignification {unknown}
Comestibles
 d - 30 rations


   Skills:
 - Level 8.0 Fighting
 - Level 1.5 Dodging
 + Level 11.7 Unarmed Combat
 + Level 5.8 Spellcasting
 + Level 11.0 Transmutations


You had 17 spell levels left.
You knew the following spells:

 Your Spells              Type           Power        Failure   Level  Hunger
a - Beastly Appendage     Tmut           #####.       9%          1    None
b - Blade Hands           Tmut           #####.....   32%         5    ######.

Your spell library contained the following spells:

 Spells                   Type           Power        Failure   Level  Hunger
 Sticks to Snakes         Tmut           #####...     10%         2    #......
 Passwall                 Tmut/Erth      ###.....     24%         2    #......
 Spider Form              Tmut/Pois      ###.......   32%         3    ###....
 Ice Form                 Ice/Tmut       ###.....     58%         4    ####...
 Swiftness                Chrm/Air       #.......     67%         2    #......
 Passage of Golubria      Tloc           N/A          99%         4    ####...
 Lee's Rapid Deconstruct  Erth           #.........   100%        5    ######.
 Darkness                 Hex            #.........   100%        6    #######
 Invisibility             Hex            #.......     100%        6    #######


Dungeon Overview and Level Annotations

Branches:
Dungeon (15/15)            Temple (1/1) D:6             Orc (1/2) D:10
 Vaults (0/5) D:13
   Lair: D:8-11      Depths: D:15

Altars:
Ashenzari
Cheibriados
Dithmenos
Elyvilon
Fedhas
Gozag
Hepliaklqana
Kikubaaqudgha
Makhleb
Nemelex Xobeh
Okawaru
Qazlal
Ru
Sif Muna
Trog
Uskayaw
Vehumet
Wu Jian
Xom
Yredelemnul
Zin

Shops:
D:10 }   D:13 !

Annotations:
D:14 2 transporters, sanka's ghost, adept BaIE


Innate Abilities, Weirdness & Mutations

You are too large for most types of armour.
You have claws for hands.
Your metabolism is lightning-fast.
You like to eat raw meat.
Your natural rate of healing is unusually fast.
You are covered in fur. (AC +1)
You have extremely tough skin. (AC +3)
Your mind is very acute. (Int +4)


Message History

Press: ? - help, Dir - move target cursor You are very lightly contaminated with residual magic.
As you read the scroll of blinking, it crumbles to dust.
As you close the door, it creaks loudly!
A skeletal warrior opens the door.
There is an open door here.
There is a stone staircase leading down here.
You climb downwards. 5 ugly things and a wraith come into view.
The red ugly thing gurgles horribly! x5; You hear a shout! x2
Found a papyrus book and 24 gold pieces.
There is a stone staircase leading up here.
The red ugly thing gores you.
* * * LOW HITPOINT WARNING * * *
You are engulfed in flames!
* * * LOW HITPOINT WARNING * * *
You block the wraith's attack. The red ugly thing headbutts you!
* * * LOW HITPOINT WARNING * * *
You are engulfed in flames!!
You die...

........#
........#
........#
........#
........#
........+
..:..uW.#
......u@#
####.#u.#
#uu# #.##
#. 5u ..
...


You could see 6 ugly things, a wraith and a shadow imp.

Vanquished Creatures
  A hydra (D:13)
  A catoblepas (D:14)
  An ogre mage (D:13)
  2 centaur warriors
  4 two-headed ogres
  Urug (D:13)
  4 skeletal warriors
  3 unseen horrors
  A wolf spider zombie (D:13)
  An ugly thing (D:12)
  A cyclops (D:13)
  Joseph (D:10)
  A manticore (D:14)
  A gargoyle (D:13)
  2 komodo dragons (D:14)
  6 meliai
  A queen bee (D:14)
  4 trolls
  3 slime creatures (D:14)
  3 hippogriffs
  Sigmund (D:4)
  A shadow (D:14)
  6 yaks
  A wyvern (D:9)
  A steam dragon (D:9)
  Edmund (D:6)
  A water moccasin (D:10)
  Duvessa (D:6)
  6 orc warriors
  An ice beast (D:10)
  A black bear (D:6)
  A sky beast (D:13)
  An eye of draining (D:13)
  3 necrophages
  2 phantoms
  7 centaurs
  A boggart (D:13)
  8 ogres
  2 big kobolds (D:13)
  3 bullfrogs
  Dowan (D:6)
  3 scorpions
  A wyvern skeleton (D:13)
  32 killer bees
  10 wights
  8 crimson imps
  2 howler monkeys
  A bullfrog zombie (D:10)
  4 centaur zombies
  A jelly (D:5)
  3 bullfrog skeletons
  12 orc priests
  2 gnoll shamans
  3 centaur skeletons
  Crazy Yiuf (D:6)
  7 hounds
  9 orc wizards
  2 iguanas
  5 worker ants
  A hound zombie (D:9)
  2 hound skeletons
  12 adders
  11 gnolls
  A howler monkey skeleton (D:7)
  6 shadow imps
  2 oozes
  4 adder skeletons
  An adder zombie (D:5)
  A worm (D:4)
  A dart slug (D:4)
  5 leopard geckos
  54 orcs
  A ball python (D:3)
  3 giant cockroaches
  11 goblins
  7 hobgoblins
  11 jackals
  4 kobolds
  2 quokkas (D:3)
  7 bats
  6 frilled lizards
  A giant cockroach zombie (D:5)
  2 jackal skeletons
  A leopard gecko skeleton (D:5)
  A leopard gecko zombie (D:7)
  8 rats
364 creatures vanquished.

Notes
Turn   | Place    | Note
-------+----------+-------------------------------------------
     0 | D:1      | Apogee the Troll Transmuter began the quest for the Orb.
     0 | D:1      | Reached XP level 1. HP: 18/18 MP: 1/1
   580 | D:2      | Reached XP level 2. HP: 26/26 MP: 2/2
   626 | D:2      | Found a white marble altar of Elyvilon.
   836 | D:2      | Reached XP level 3. HP: 32/32 MP: 3/3
  1240 | D:3      | Reached XP level 4. HP: 20/40 MP: 4/4
  1243 | D:3      | Reached skill level 5 in Unarmed Combat
  1479 | D:3      | Reached XP level 5. HP: 40/46 MP: 5/5
  1947 | D:3      | Gained mutation: Your mind is acute. (Int +2) [potion of
                  | mutation]
  1947 | D:3      | Gained mutation: Your mind is very acute. (Int +4) [potion
                  | of mutation]
  2065 | D:4      | Reached XP level 6. HP: 46/54 MP: 6/6
  2367 | D:4      | Noticed Sigmund
  2395 | D:4      | Killed Sigmund
  2395 | D:4      | Reached XP level 7. HP: 51/61 MP: 5/7
  2522 | D:5      | Entered Level 5 of the Dungeon
  2543 | D:5      | Reached skill level 1 in Fighting
  2751 | D:5      | Reached XP level 8. HP: 78/78 MP: 8/8
  3076 | D:5      | Found a blossoming altar of Fedhas.
  3098 | D:5      | Found a shadowy altar of Dithmenos.
  3172 | D:5      | Found a shadowy altar of Dithmenos.
  3392 | D:6      | Noticed Duvessa
  3392 | D:6      | Noticed Dowan
  3446 | D:6      | Found a staircase to the Ecumenical Temple.
  3462 | Temple   | Entered the Ecumenical Temple
  3872 | D:6      | Reached skill level 5 in Transmutations
  3892 | D:6      | Found a runed translucent door.
  3894 | D:6      | Noticed Crazy Yiuf
  3902 | D:6      | Killed Crazy Yiuf
  4066 | D:6      | Identified the +3 scale mail of the Spheres {Dex+3}
  4070 | D:6      | Noticed Edmund
  4088 | D:6      | Killed Edmund
  4208 | D:6      | Killed Duvessa
  4208 | D:6      | Reached XP level 9. HP: 74/84 MP: 7/9
  4220 | D:6      | Killed Dowan
  4666 | D:6      | Found a bloodstained altar of Trog.
  4666 | D:6      | Found an ornate altar of the Wu Jian Council.
  4723 | D:6      | Became a worshipper of the Wu Jian Council
  4778 | D:6      | Learned a level 5 spell: Blade Hands
  5078 | D:7      | Reached * piety under Wu Jian
  5177 | D:7      | You fall into a shaft and drop 2 floors!
  5299 | D:9      | Noticed a two-headed ogre
  5310 | D:9      | HP: 2/84 [two-headed ogre/+0 giant club (23)]
  5312 | D:9      | Killed a two-headed ogre
  5312 | D:9      | Reached skill level 10 in Unarmed Combat
  5487 | D:9      | Found an iron altar of Okawaru.
  5555 | D:9      | Reached XP level 10. HP: 74/92 MP: 10/10
  5811 | D:9      | Found a shattered altar of Ashenzari.
  5811 | D:9      | Found a hazy altar of Hepliaklqana.
  6118 | D:9      | Reached ** piety under Wu Jian
  6257 | D:9      | Found a burning altar of Makhleb.
  6257 | D:9      | Noticed a cacodemon
  6392 | D:9      | You fall into a shaft and drop 3 floors!
  6392 | D:12     | Noticed a red ugly thing
  6405 | D:12     | Killed a brown ugly thing
  6553 | D:10     | Entered Level 10 of the Dungeon
  6693 | D:10     | Killed an unseen horror
  6693 | D:10     | Reached skill level 5 in Fighting
  6834 | D:10     | Found a staircase to the Orcish Mines.
  6948 | D:10     | Noticed Joseph
  6965 | D:10     | Killed Joseph
  7033 | D:10     | Reached XP level 11. HP: 105/105 MP: 14/14
  7239 | D:10     | Reached *** piety under Wu Jian
  7249 | D:10     | Found Nadwohof's Gadget Boutique.
  7267 | D:10     | Noticed a two-headed ogre
  7280 | D:10     | Killed a two-headed ogre
  7568 | Orc:1    | Entered Level 1 of the Orcish Mines
  7568 | Orc:1    | Noticed an orc sorcerer
  7707 | D:11     | You fall into a shaft and drop 2 floors!
  7979 | D:13     | Noticed Urug
  7999 | D:13     | Killed Urug
  8165 | D:13     | Noticed a centaur warrior
  8178 | D:13     | Killed a centaur warrior
  8242 | D:13     | Noticed a two-headed ogre
  8248 | D:13     | Killed a two-headed ogre
  8250 | D:13     | Noticed a two-headed ogre
  8258 | D:13     | Killed a two-headed ogre
  8260 | D:13     | Noticed a skeletal warrior
  8261 | D:13     | Reached skill level 10 in Transmutations
  8267 | D:13     | Killed a skeletal warrior
  8267 | D:13     | Noticed an ogre mage
  8317 | D:13     | Killed an ogre mage
  8480 | D:13     | Reached XP level 12. HP: 118/118 MP: 17/17
  8557 | D:13     | Found a gate to the Vaults.
  8619 | D:13     | Reached **** piety under Wu Jian
  8836 | D:13     | Noticed a five-headed hydra
  8842 | D:13     | Killed a six-headed hydra
  9229 | D:13     | Found Qomeoc's Distillery.
  9589 | D:14     | Found a transporter.
  9590 | D:14     | Noticed a death knight
  9594 | D:14     | Noticed sanka's ghost (adept BaIE)
  9614 | D:14     | Noticed a catoblepas
  9627 | D:14     | Killed a catoblepas
  9793 | D:14     | Noticed a centaur warrior
  9799 | D:14     | Reached skill level 5 in Spellcasting
  9801 | D:14     | Killed a centaur warrior
 10085 | D:14     | Found a transporter.
 10085 | D:14     | Noticed a vampire knight
 10580 | D:14     | Reached ***** piety under Wu Jian
 10753 | D:14     | Reached XP level 13. HP: 101/126 MP: 16/20
 10780 | D:15     | Entered Level 15 of the Dungeon
 10781 | D:15     | Mangled by a red ugly thing

Illustrated notes

Levels and vault maps discovered:
D:1:      dpeg_arrival_simpleton_c, layout_basic
D:2:      layout_basic, elyvilon_altar_3
D:3:      layout_loops_cross, minmay_fractal_squares_5
D:4:      layout_cave_pools, first_ration, uniq_sigmund
D:5:      minmay_diamond_boxcup, layout_basic, old_standard_altar,
          marbit_many_paths, basic_altar
D:6:      layout_loops_corners, gammafunk_temple_overflow_elements,
          minmay_temple_entry_stoned_glass, uniq_crazy_yiuf_cottage,
          uniq_duvessa, uniq_edmund
D:7:      layout_basic
D:9:      layout_basic, makhleb_altar_promises_db, kennysheep_mini_moat,
          amethyst_overflow_temple_binary, minmay_misc_feat_tower
D:10:     layout_roguey, david_orc_3, serial_shops, shop_statue,
          chequers_serial_rivers_marsh, uniq_joseph
D:11:     layout_long_grid, enter_trove_6, serial_shops,
          nicolae_shop_waterfront, nooodl_food_tri
D:12:     layout_roguey
D:13:     layout_basic, hangedman_vaults_entry_quadrant_bands, serial_shops,
          kennysheep_little_box, uniq_urug
D:14:     layout_roguey [special_room_bee], hangedman_decor_clover_reticule,
          gammafunk_ghost_mausoleum
D:15:     grunt_enter_depths_snipers, layout_basic, serial_shops,
          shop_fountains, hangedman_ru_absence
Temple:   minmay_temple_bridge_abc
Orc:1:    layout_caves, hangedman_minor_magic, uniq_erolcha

Skill      XL: |  1  2  3  4  5  6  7  8  9 10 11 12 |
---------------+-------------------------------------+-----
Unarmed Combat | 4 5 6 8 10 11 | 11.7
Transmutations | 3 4 5 7 8 10 11 | 11.0
Fighting       | 4 5 8 |  8.0
Spellcasting   | 3 4 5 |  5.8
Dodging        | |  1.5

Action                   |  1- 3 |  4- 6 |  7- 9 | 10-12 | 13-15 || total
-------------------------+-------+-------+-------+-------+-------++-------
Melee: Unarmed           |   125 |   127 |   320 |   526 |    11 ||  1109
       Punch             |       |     2 |    11 |    27 |       ||    40
       Headbutt          |       |     4 |    10 |    15 |       ||    29
       Kick              |       |       |       |     6 |       ||     6
 Cast: Beastly Appendage |     1 |     1 |     5 |    10 |       ||    17
       Blade Hands       |       |       |       |    11 |     1 ||    12
Invok: Lunge             |       |       |    11 |    39 |       ||    50
       Whirlwind         |       |       |       |    38 |       ||    38
Evoke: Wand              |       |       |       |     3 |       ||     3
  Use: Potion            |       |     6 |     1 |     1 |       ||     8
       Scroll            |       |     6 |       |     4 |     1 ||    11
 Stab: Sleeping          |       |       |       |     1 |       ||     1
  Eat: Ration            |     1 |       |       |       |       ||     1
       Chunk             |    13 |    11 |    29 |    51 |       ||   104
Armor: Robe              |    56 |    40 |    66 |     1 |       ||   163
       Steam dragon scal |       |       |       |   130 |       ||   130
Dodge: Dodged            |    80 |    63 |   132 |   191 |     1 ||   467
Block: Other             |       |       |       |    24 |     1 ||    25
       Reflection        |       |       |       |     2 |       ||     2

Table legend:
 A = Non-vault XP
 B = Vault XP
 C = Vault XP percentage of total XP
 D = Non-vault monster count
 E = Vault monster count
 F = Vault count percentage of total count
                 A         B        C        D         E       F
            +---------+---------+-------+---------+---------+-------
      Total |   27209 |   11272 |  29.3 |     297 |      67 |  18.4
            +---------+---------+-------+---------+---------+-------
        D:1 |      11 |       0 |   0.0 |       6 |       0 |   0.0
        D:2 |      51 |       0 |   0.0 |      26 |       0 |   0.0
        D:3 |     268 |      20 |   6.9 |      29 |       5 |  14.7
        D:4 |     232 |     223 |  49.0 |      23 |       1 |   4.2
        D:5 |     820 |     275 |  25.1 |      33 |       6 |  15.4
        D:6 |     608 |     427 |  41.3 |      25 |       4 |  13.8
        D:7 |     745 |       0 |   0.0 |      23 |       0 |   0.0
        D:9 |    3446 |       0 |   0.0 |      47 |       0 |   0.0
       D:10 |    4278 |     568 |  11.7 |      28 |       5 |  15.2
       D:11 |     161 |       0 |   0.0 |       6 |       0 |   0.0
       D:12 |     787 |       0 |   0.0 |       4 |       0 |   0.0
       D:13 |    6492 |    7219 |  52.7 |      21 |      21 |  50.0
       D:14 |    9310 |    2540 |  21.4 |      26 |      25 |  49.0
            +---------+---------+-------+---------+---------+-------
